3181 views
Uploaded 2020-03-08 18:38:37
Game version 1.32.2
31:48 long 4on4 ladder game on (8)Northshire_LV
Saved by ChuckleMan
3181 views
Uploaded 2020-03-08 18:38:37
Game version 1.32.2
31:48 long 4on4 ladder game on (8)Northshire_LV


197 units @ 30.3k
/ 4.9k
128 buildings @ 22k
/ 6.6k


| Rod of Necromancy | 3 | 450 |
| Orb of Corruption | 1 | 375 |
| Scroll of Town Portal | 1 | 350 |
| Potion of Lesser Invulnerability | 1 | 150 |
| total: | 6 | 1325g |
| Acolyte | 24 | 1800 | / | 0 |
| Ghoul | 8 | 960 | / | 0 |
| Crypt Fiend | 12 | 2580 | / | 480 |
| Abomination | 10 | 2400 | / | 700 |
| Obsidian Statue | 1 | 200 | / | 35 |
| Goblin Shredder | 1 | 375 | / | 100 |
| total: | 56 | 8315g | / | 1315w |
| Nerubian Tower | 2 | 200 | / | 40 |
| Spirit Tower | 4 | 580 | / | 160 |
| Altar of Darkness | 3 | 540 | / | 150 |
| Crypt | 2 | 400 | / | 100 |
| Ziggurat | 11 | 1650 | / | 550 |
| Tomb of Relics | 1 | 130 | / | 30 |
| Graveyard | 1 | 215 | / | 0 |
| Necropolis | 9 | 2025 | / | 0 |
| Slaughterhouse | 1 | 140 | / | 135 |
| Halls of the Dead | 1 | 320 | / | 210 |
| Black Citadel | 1 | 325 | / | 230 |
| total: | 28 | 5100g | / | 965w |
| 0:03 | Acolyte |
| 0:03 | Acolyte |
| 0:12 | Altar of Darkness |
| 0:15 | Crypt |
| 0:35 | Ziggurat |
| 0:56 | Tomb of Relics |
| 1:13 | Graveyard |
| 1:27 | Ghoul |
| 1:37 | Ghoul |
| 1:55 | Ziggurat |
| 2:04 | Ghoul |
| 2:17 | Nerubian Tower |
| 2:24 | Vampiric Aura |
| 2:30 | Rod of Necromancy |
| 2:56 | Crypt Fiend |
| 3:25 | Acolyte |
| 3:57 | Spirit Tower |
| 4:02 | Ziggurat |
| 4:25 | Halls of the Dead |
| 4:33 | Sleep |
| 4:46 | Unholy Strength |
| 4:52 | Crypt Fiend |
| 5:32 | Ghoul |
| 5:32 | Ghoul |
| 6:03 | Unholy Armor |
| 6:08 | Necropolis |
| 6:28 | Vampiric Aura |
| 6:35 | Crypt Fiend |
| 7:10 | Web |
| 7:30 | Improved Unholy Strength |
| 8:27 | Black Citadel |
| 8:32 | Acolyte |
| 8:32 | Acolyte |
| 8:32 | Acolyte |
| 8:32 | Acolyte |
| 8:32 | Acolyte |
| 8:57 | Death Coil |
| 8:59 | Scroll of Town Portal |
| 9:21 | Goblin Shredder |
| 9:32 | Ziggurat |
| 9:53 | Slaughterhouse |
| 10:32 | Ziggurat |
| 10:36 | Crypt Fiend |
| 10:36 | Crypt Fiend |
| 10:39 | Improved Unholy Armor |
| 11:05 | Disease Cloud |
| 11:06 | Abomination |
| 11:06 | Abomination |
| 11:12 | Crypt |
| 11:34 | Nerubian Tower |
| 11:42 | Cannibalize |
| 11:43 | Ghoul Frenzy |
| 12:38 | Abomination |
| 12:50 | Crypt Fiend |
| 12:50 | Crypt Fiend |
| 12:55 | Ziggurat |
| 13:01 | Acolyte |
| 13:14 | Potion of Lesser Invulnerability |
| 13:30 | Advanced Unholy Armor |
| 13:52 | Abomination |
| 14:03 | Necropolis |
| 14:46 | Abomination |
| 14:46 | Abomination |
| 14:48 | Crypt Fiend |
| 14:49 | Crypt Fiend |
| 15:33 | Unholy Aura |
| 16:07 | Sleep |
| 16:22 | Abomination |
| 16:23 | Abomination |
| 16:26 | Ghoul |
| 16:26 | Ghoul |
| 16:27 | Ghoul |
| 16:41 | Acolyte |
| 16:41 | Acolyte |
| 17:11 | Crypt Fiend |
| 17:20 | Obsidian Statue |
| 17:30 | Acolyte |
| 17:30 | Acolyte |
| 17:33 | Acolyte |
| 18:07 | Creature Attack |
| 18:18 | Necropolis |
| 18:28 | Orb of Corruption |
| 18:56 | Necropolis |
| 20:02 | Spirit Tower |
| 20:09 | Ziggurat |
| 20:42 | Necropolis |
| 22:19 | Vampiric Aura |
| 23:00 | Ziggurat |
| 23:02 | Ziggurat |
| 23:14 | Abomination |
| 23:14 | Abomination |
| 23:17 | Crypt Fiend |
| 23:17 | Crypt Fiend |
| 23:24 | Rod of Necromancy |
| 23:44 | Ziggurat |
| 23:59 | Spirit Tower |
| 24:29 | Necropolis |
| 24:40 | Acolyte |
| 24:40 | Acolyte |
| 24:40 | Acolyte |
| 25:32 | Rod of Necromancy |
| 25:47 | Acolyte |
| 25:48 | Acolyte |
| 26:03 | Necropolis |
| 26:21 | Altar of Darkness |
| 27:36 | Acolyte |
| 27:37 | Acolyte |
| 27:37 | Acolyte |
| 27:37 | Acolyte |
| 27:38 | Acolyte |
| 28:06 | Necropolis |
| 28:19 | Ziggurat |
| 28:25 | Altar of Darkness |
| 28:49 | Necropolis |
| Right click | 1378 |
| Select | 537 |
| Select group | 318 |
| Build/train/purchase | 111 |
| Use ability | 49 |
| Assign group | 42 |
| Resource trade | 24 |
| Misc. action | 19 |
| Minimap ping | 3 |
| Item give/drop | 1 |
| Remove unit | 1 |


| Healing Salve | 3 | 300 |
| Scroll of Town Portal | 1 | 350 |
| Circlet of Nobility | 2 | 350 |
| Periapt of Vitality | 1 | 325 |
| total: | 7 | 1325g |
| Peon | 26 | 1950 | / | 0 |
| Troll Headhunter | 11 | 1540 | / | 220 |
| Demolisher | 2 | 440 | / | 100 |
| Troll Berserker | 2 | 280 | / | 40 |
| Shaman | 4 | 520 | / | 80 |
| Kodo Beast | 1 | 255 | / | 60 |
| Wind Rider | 4 | 1060 | / | 160 |
| total: | 50 | 6045g | / | 660w |
| Altar of Storms | 3 | 540 | / | 150 |
| Orc Burrow | 10 | 1600 | / | 400 |
| Barracks | 1 | 180 | / | 50 |
| War Mill | 2 | 410 | / | 0 |
| Voodoo Lounge | 3 | 390 | / | 90 |
| Great Hall | 2 | 770 | / | 370 |
| Spirit Lodge | 1 | 150 | / | 150 |
| Beastiary | 3 | 435 | / | 420 |
| Stronghold | 2 | 630 | / | 380 |
| Fortress | 2 | 650 | / | 380 |
| total: | 25 | 4475g | / | 1630w |
| 0:06 | Altar of Storms |
| 0:06 | Peon |
| 0:06 | Peon |
| 0:24 | Orc Burrow |
| 0:30 | Peon |
| 0:38 | Barracks |
| 0:59 | Peon |
| 1:16 | Peon |
| 1:26 | War Mill |
| 1:35 | Peon |
| 1:51 | Peon |
| 2:13 | Feral Spirit |
| 2:29 | Stronghold |
| 2:43 | Troll Headhunter |
| 2:47 | Orc Burrow |
| 2:58 | Steel Armor |
| 3:37 | Troll Headhunter |
| 3:38 | Troll Headhunter |
| 4:11 | Troll Headhunter |
| 4:17 | Steel Ranged Weapons |
| 4:25 | Troll Headhunter |
| 4:29 | Orc Burrow |
| 4:34 | Chain Lighting |
| 5:09 | Feral Spirit |
| 5:14 | Voodoo Lounge |
| 5:16 | Troll Headhunter |
| 5:17 | Thorium Armor |
| 5:30 | Troll Regeneration |
| 5:59 | Fortress |
| 6:20 | Serpent Ward |
| 6:24 | Healing Salve |
| 6:32 | Troll Headhunter |
| 6:40 | Orc Burrow |
| 7:00 | Circlet of Nobility |
| 7:29 | Troll Headhunter |
| 7:31 | Thorium Ranged Weapons |
| 7:54 | Healing Salve |
| 8:03 | Troll Headhunter |
| 8:38 | Demolisher |
| 8:39 | Burning Oil |
| 8:54 | Periapt of Vitality |
| 9:08 | Circlet of Nobility |
| 9:37 | Troll Headhunter |
| 9:37 | Berserker Upgrade |
| 10:02 | Troll Headhunter |
| 10:19 | Spirit Lodge |
| 10:22 | Beastiary |
| 10:46 | Demolisher |
| 10:59 | Healing Wave |
| 11:22 | Arcanite Armor |
| 11:36 | Scroll of Town Portal |
| 12:23 | Chain Lighting |
| 12:33 | Troll Berserker |
| 12:58 | Arcanite Ranged Weapons |
| 13:20 | Shaman |
| 13:20 | Shaman |
| 13:20 | Shaman Adept Training |
| 13:54 | Troll Berserker |
| 13:59 | Kodo Beast |
| 15:04 | Orc Burrow |
| 15:38 | Peon |
| 15:38 | Peon |
| 16:06 | Peon |
| 16:06 | Peon |
| 16:13 | Altar of Storms |
| 16:17 | Shaman |
| 16:18 | Shaman |
| 16:29 | Wind Rider |
| 16:36 | Peon |
| 16:45 | Orc Burrow |
| 17:26 | Orc Burrow |
| 17:37 | Wind Rider |
| 17:38 | Peon |
| 18:02 | Peon |
| 18:35 | Peon |
| 18:37 | Peon |
| 19:31 | Peon |
| 19:31 | Peon |
| 19:31 | Peon |
| 19:31 | Peon |
| 19:32 | Peon |
| 21:55 | Great Hall |
| 24:54 | Orc Burrow |
| 25:27 | Stronghold |
| 26:56 | Altar of Storms |
| 28:18 | Peon |
| 28:18 | Peon |
| 28:21 | Peon |
| 28:45 | Beastiary |
| 28:52 | Voodoo Lounge |
| 28:56 | Voodoo Lounge |
| 29:20 | Orc Burrow |
| 29:22 | Peon |
| 29:23 | Peon |
| 29:26 | Beastiary |
| 29:42 | Orc Burrow |
| 29:54 | Fortress |
| 30:56 | Wind Rider |
| 30:57 | Wind Rider |
| 31:03 | War Mill |
| 31:11 | Great Hall |
| 31:38 | Healing Salve |
| Right click | 1646 |
| Select | 584 |
| Select group | 159 |
| Build/train/purchase | 123 |
| Misc. action | 75 |
| Resource trade | 43 |
| Use ability | 38 |
| Assign group | 32 |
| Esc | 8 |
| Item give/drop | 1 |
| Minimap ping | 1 |

| Sacrificial Skull | 1 | 50 |
| Potion of Healing | 1 | 150 |
| Rod of Necromancy | 1 | 150 |
| Orb of Corruption | 1 | 375 |
| Scroll of Town Portal | 1 | 350 |
| total: | 5 | 1075g |
| Acolyte | 17 | 1275 | / | 0 |
| Crypt Fiend | 11 | 2365 | / | 440 |
| Ghoul | 8 | 960 | / | 0 |
| Frost Wyrm | 8 | 3080 | / | 960 |
| Gargoyle | 13 | 2275 | / | 390 |
| Goblin Shredder | 1 | 375 | / | 100 |
| total: | 58 | 10330g | / | 1890w |
| Graveyard | 2 | 430 | / | 0 |
| Ziggurat | 17 | 2550 | / | 850 |
| Crypt | 2 | 400 | / | 100 |
| Altar of Darkness | 2 | 360 | / | 100 |
| Tomb of Relics | 1 | 130 | / | 30 |
| Necropolis | 1 | 225 | / | 0 |
| Sacrificial Pit | 1 | 75 | / | 150 |
| Slaughterhouse | 1 | 140 | / | 135 |
| Boneyard | 2 | 350 | / | 400 |
| Halls of the Dead | 2 | 640 | / | 420 |
| Black Citadel | 1 | 325 | / | 230 |
| total: | 29 | 4660g | / | 1765w |
| 0:05 | Graveyard |
| 0:07 | Ziggurat |
| 0:21 | Crypt |
| 0:34 | Acolyte |
| 0:48 | Acolyte |
| 1:01 | Altar of Darkness |
| 1:25 | Crypt Fiend |
| 1:47 | Crypt Fiend |
| 2:10 | Ghoul |
| 2:13 | Ghoul |
| 2:21 | Ziggurat |
| 2:39 | Creature Attack |
| 3:02 | Death Coil |
| 3:17 | Crypt Fiend |
| 3:18 | Crypt Fiend |
| 4:13 | Creature Carapace |
| 4:15 | Ghoul |
| 4:15 | Ghoul |
| 4:22 | Ziggurat |
| 4:25 | Unholy Aura |
| 5:24 | Acolyte |
| 5:24 | Acolyte |
| 5:24 | Acolyte |
| 5:24 | Acolyte |
| 5:24 | Acolyte |
| 5:31 | Crypt Fiend |
| 5:56 | Ziggurat |
| 6:45 | Halls of the Dead |
| 7:19 | Crypt Fiend |
| 7:19 | Crypt Fiend |
| 7:19 | Crypt Fiend |
| 8:04 | Tomb of Relics |
| 8:57 | Crypt Fiend |
| 8:59 | Crypt Fiend |
| 9:00 | Crypt Fiend |
| 9:06 | Black Citadel |
| 9:14 | Sacrificial Skull |
| 9:15 | Potion of Healing |
| 9:20 | Rod of Necromancy |
| 10:33 | Sacrificial Pit |
| 10:35 | Improved Creature Attack |
| 10:35 | Improved Creature Carapace |
| 10:40 | Slaughterhouse |
| 10:44 | Ziggurat |
| 10:46 | Ziggurat |
| 10:47 | Ziggurat |
| 10:59 | Ziggurat |
| 11:19 | Web |
| 11:26 | Ghoul |
| 11:26 | Ghoul |
| 11:30 | Ghoul |
| 11:30 | Ghoul |
| 11:35 | Boneyard |
| 11:48 | Death Coil |
| 12:54 | Boneyard |
| 12:57 | Frost Wyrm |
| 13:25 | Frost Wyrm |
| 13:30 | Freezing Breath |
| 13:46 | Goblin Shredder |
| 14:14 | Frost Wyrm |
| 14:36 | Frost Wyrm |
| 14:41 | Orb of Corruption |
| 14:42 | Scroll of Town Portal |
| 14:59 | Frost Wyrm |
| 15:00 | Frost Wyrm |
| 15:33 | Frost Wyrm |
| 15:57 | Advanced Creature Attack |
| 16:26 | Frost Wyrm |
| 16:30 | Ziggurat |
| 16:54 | Unholy Aura |
| 17:10 | Acolyte |
| 17:11 | Acolyte |
| 17:11 | Acolyte |
| 17:11 | Acolyte |
| 17:12 | Acolyte |
| 17:34 | Gargoyle |
| 17:34 | Gargoyle |
| 17:34 | Gargoyle |
| 17:35 | Gargoyle |
| 17:35 | Gargoyle |
| 17:35 | Gargoyle |
| 18:24 | Crypt |
| 18:55 | Gargoyle |
| 18:55 | Gargoyle |
| 18:56 | Gargoyle |
| 19:28 | Gargoyle |
| 19:28 | Gargoyle |
| 19:28 | Gargoyle |
| 20:17 | Gargoyle |
| 20:24 | Death Coil |
| 21:36 | Ziggurat |
| 21:38 | Ziggurat |
| 24:27 | Necropolis |
| 24:32 | Ziggurat |
| 24:38 | Graveyard |
| 25:25 | Altar of Darkness |
| 25:28 | Ziggurat |
| 25:30 | Ziggurat |
| 25:32 | Ziggurat |
| 25:33 | Ziggurat |
| 25:35 | Ziggurat |
| 25:59 | Acolyte |
| 25:59 | Acolyte |
| 26:00 | Acolyte |
| 26:00 | Acolyte |
| 26:00 | Acolyte |
| 27:12 | Halls of the Dead |
| Right click | 1240 |
| Select | 597 |
| Select group | 149 |
| Build/train/purchase | 85 |
| Resource trade | 44 |
| Assign group | 20 |
| Use ability | 19 |
| Remove unit | 11 |
| Misc. action | 8 |
| Item give/drop | 3 |
| Esc | 1 |



| Rod of Necromancy | 3 | 450 |
| Sacrificial Skull | 2 | 100 |
| Orb of Corruption | 1 | 375 |
| Potion of Mana | 2 | 400 |
| Scroll of Healing | 3 | 750 |
| Scroll of Town Portal | 2 | 700 |
| Scroll of Protection | 1 | 150 |
| total: | 14 | 2925g |
| Acolyte | 17 | 1275 | / | 0 |
| Ghoul | 7 | 840 | / | 0 |
| Frost Wyrm | 8 | 3080 | / | 960 |
| Goblin Shredder | 1 | 375 | / | 100 |
| total: | 33 | 5570g | / | 1060w |
| Nerubian Tower | 4 | 400 | / | 80 |
| Spirit Tower | 2 | 290 | / | 80 |
| Crypt | 2 | 400 | / | 100 |
| Graveyard | 4 | 860 | / | 0 |
| Ziggurat | 23 | 3450 | / | 1150 |
| Altar of Darkness | 3 | 540 | / | 150 |
| Tomb of Relics | 4 | 520 | / | 120 |
| Necropolis | 6 | 1350 | / | 0 |
| Sacrificial Pit | 1 | 75 | / | 150 |
| Boneyard | 3 | 525 | / | 600 |
| Halls of the Dead | 3 | 960 | / | 630 |
| Black Citadel | 1 | 325 | / | 230 |
| total: | 46 | 7720g | / | 2270w |
| 0:04 | Acolyte |
| 0:04 | Acolyte |
| 0:12 | Crypt |
| 0:18 | Graveyard |
| 0:41 | Ziggurat |
| 0:57 | Altar of Darkness |
| 1:15 | Ziggurat |
| 1:25 | Ghoul |
| 1:39 | Ghoul |
| 1:56 | Tomb of Relics |
| 1:59 | Acolyte |
| 2:14 | Acolyte |
| 2:19 | Ghoul |
| 2:32 | Ghoul |
| 2:38 | Acolyte |
| 2:53 | Acolyte |
| 2:58 | Ghoul |
| 3:07 | Acolyte |
| 3:21 | Rod of Necromancy |
| 3:25 | Death Coil |
| 3:27 | Sacrificial Skull |
| 3:53 | Ghoul |
| 4:32 | Unholy Aura |
| 4:42 | Ziggurat |
| 4:43 | Ziggurat |
| 5:25 | Ziggurat |
| 5:57 | Halls of the Dead |
| 6:15 | Rod of Necromancy |
| 6:21 | Goblin Shredder |
| 6:34 | Nerubian Tower |
| 6:35 | Spirit Tower |
| 6:43 | Death Coil |
| 7:01 | Creature Attack |
| 7:03 | Ziggurat |
| 7:11 | Sacrificial Skull |
| 7:21 | Spirit Tower |
| 7:57 | Ghoul |
| 8:31 | Black Citadel |
| 8:33 | Sacrificial Pit |
| 8:43 | Improved Creature Attack |
| 8:46 | Graveyard |
| 8:47 | Tomb of Relics |
| 8:54 | Scroll of Healing |
| 9:44 | Scroll of Town Portal |
| 9:45 | Rod of Necromancy |
| 9:47 | Frost Nova |
| 9:57 | Scroll of Protection |
| 9:58 | Scroll of Healing |
| 10:06 | Creature Carapace |
| 10:33 | Ziggurat |
| 10:41 | Ziggurat |
| 10:43 | Ziggurat |
| 10:52 | Orb of Corruption |
| 10:53 | Scroll of Healing |
| 10:55 | Boneyard |
| 10:57 | Boneyard |
| 10:58 | Boneyard |
| 11:00 | Acolyte |
| 11:07 | Silence |
| 11:19 | Ziggurat |
| 11:23 | Advanced Creature Attack |
| 11:57 | Necropolis |
| 12:33 | Unholy Aura |
| 12:35 | Frost Wyrm |
| 13:15 | Frost Wyrm |
| 13:27 | Freezing Breath |
| 14:19 | Frost Wyrm |
| 14:54 | Improved Creature Carapace |
| 15:35 | Dark Ritual |
| 15:46 | Frost Wyrm |
| 15:56 | Life Drain |
| 16:18 | Frost Wyrm |
| 16:35 | Potion of Mana |
| 16:39 | Acolyte |
| 16:39 | Acolyte |
| 16:56 | Tomb of Relics |
| 16:57 | Ziggurat |
| 17:24 | Frost Wyrm |
| 17:53 | Scroll of Town Portal |
| 17:54 | Potion of Mana |
| 18:42 | Frost Wyrm |
| 19:20 | Frost Wyrm |
| 20:00 | Necropolis |
| 20:07 | Death Coil |
| 20:09 | Frost Nova |
| 20:49 | Ziggurat |
| 20:49 | Ziggurat |
| 20:50 | Ziggurat |
| 21:02 | Necropolis |
| 21:42 | Acolyte |
| 21:42 | Acolyte |
| 21:42 | Acolyte |
| 21:42 | Acolyte |
| 22:10 | Silence |
| 23:43 | Dark Ritual |
| 23:51 | Necropolis |
| 24:42 | Necropolis |
| 25:13 | Animate Dead |
| 25:22 | Life Drain |
| 25:47 | Necropolis |
| 26:22 | Ziggurat |
| 26:23 | Ziggurat |
| 26:58 | Ziggurat |
| 27:23 | Tomb of Relics |
| 27:24 | Ziggurat |
| 27:24 | Ziggurat |
| 27:54 | Altar of Darkness |
| 28:13 | Ziggurat |
| 28:19 | Altar of Darkness |
| 28:21 | Graveyard |
| 28:35 | Acolyte |
| 28:35 | Acolyte |
| 29:11 | Acolyte |
| 29:14 | Ziggurat |
| 29:16 | Ziggurat |
| 29:17 | Ziggurat |
| 29:34 | Crypt |
| 30:17 | Halls of the Dead |
| 30:20 | Graveyard |
| 30:48 | Nerubian Tower |
| 30:53 | Nerubian Tower |
| 30:54 | Nerubian Tower |
| Right click | 1001 |
| Select group | 861 |
| Select | 542 |
| Chat | 167 |
| Build/train/purchase | 119 |
| Misc. action | 58 |
| Use ability | 54 |
| Assign group | 38 |
| Esc | 21 |
| Minimap ping | 16 |
| Item give/drop | 11 |
155 units @ 22k
/ 3.8k
230 buildings @ 18.9k
/ 9.8k



| Healing Salve | 2 | 200 |
| Scroll of Speed | 1 | 50 |
| Scroll of Town Portal | 3 | 1050 |
| Circlet of Nobility | 2 | 350 |
| total: | 8 | 1650g |
| Peon | 20 | 1500 | / | 0 |
| Grunt | 5 | 1000 | / | 0 |
| Wind Rider | 9 | 2385 | / | 360 |
| Shaman | 7 | 910 | / | 140 |
| Troll Batrider | 2 | 320 | / | 80 |
| Forest Troll High Priest | 2 | 610 | / | 80 |
| Assassin | 1 | 250 | / | 30 |
| total: | 46 | 6975g | / | 690w |
| Altar of Storms | 1 | 180 | / | 50 |
| Orc Burrow | 8 | 1280 | / | 320 |
| Barracks | 1 | 180 | / | 50 |
| Voodoo Lounge | 1 | 130 | / | 30 |
| Great Hall | 1 | 385 | / | 185 |
| War Mill | 1 | 205 | / | 0 |
| Spirit Lodge | 3 | 450 | / | 450 |
| Beastiary | 3 | 435 | / | 420 |
| Stronghold | 1 | 315 | / | 190 |
| Fortress | 1 | 325 | / | 190 |
| total: | 19 | 3245g | / | 1505w |
| 0:01 | Peon |
| 0:01 | Peon |
| 0:01 | Peon |
| 0:10 | Altar of Storms |
| 0:15 | Orc Burrow |
| 0:41 | Peon |
| 0:54 | Barracks |
| 1:01 | Peon |
| 1:02 | Peon |
| 1:19 | Peon |
| 1:25 | Orc Burrow |
| 1:47 | Peon |
| 2:01 | Orc Burrow |
| 2:11 | Feral Spirit |
| 2:16 | Grunt |
| 2:40 | Grunt |
| 2:43 | Peon |
| 2:43 | Peon |
| 3:06 | Stronghold |
| 3:41 | Chain Lighting |
| 3:46 | Grunt |
| 3:46 | Grunt |
| 3:55 | Voodoo Lounge |
| 4:38 | Great Hall |
| 4:54 | Grunt |
| 5:02 | Healing Salve |
| 6:03 | Circlet of Nobility |
| 6:22 | Chain Lighting |
| 6:30 | Fortress |
| 6:47 | Healing Wave |
| 8:18 | Forest Troll High Priest |
| 8:29 | Assassin |
| 8:31 | Peon |
| 8:31 | Peon |
| 8:31 | Peon |
| 8:31 | Peon |
| 8:37 | Spirit Lodge |
| 8:38 | Beastiary |
| 8:43 | Beastiary |
| 8:44 | Spirit Lodge |
| 8:46 | Beastiary |
| 8:49 | Spirit Lodge |
| 8:56 | War Mill |
| 8:57 | Peon |
| 8:57 | Peon |
| 8:57 | Peon |
| 8:57 | Peon |
| 8:59 | Peon |
| 10:12 | Ensnare |
| 10:13 | Witch Doctor Adept Training |
| 10:14 | Shaman Adept Training |
| 10:21 | Orc Burrow |
| 10:22 | Orc Burrow |
| 10:22 | Orc Burrow |
| 10:23 | Orc Burrow |
| 10:24 | Orc Burrow |
| 10:26 | Peon |
| 10:39 | Hex |
| 11:07 | Envenomed Spears |
| 11:07 | Wind Rider |
| 11:07 | Wind Rider |
| 11:10 | Shaman |
| 11:13 | Shaman Master Training |
| 11:17 | Feral Spirit |
| 11:26 | Scroll of Town Portal |
| 11:26 | Scroll of Speed |
| 11:26 | Healing Salve |
| 12:11 | Wind Rider |
| 12:11 | Wind Rider |
| 12:17 | Steel Armor |
| 12:47 | Forest Troll High Priest |
| 12:58 | Healing Wave |
| 13:32 | Wind Rider |
| 13:33 | Wind Rider |
| 13:35 | Wind Rider |
| 13:36 | Shaman |
| 13:36 | Shaman |
| 13:59 | Steel Melee Weapons |
| 14:01 | Steel Ranged Weapons |
| 14:17 | Shaman |
| 15:13 | Wind Rider |
| 15:15 | Shaman |
| 15:57 | Wind Rider |
| 16:23 | Shaman |
| 16:24 | Shaman |
| 17:06 | Troll Batrider |
| 17:06 | Troll Batrider |
| 18:25 | Summon Lava Spawn |
| 21:13 | Chain Lighting |
| 21:37 | Soul Burn |
| 22:22 | Hex |
| 23:30 | Summon Lava Spawn |
| 24:47 | Scroll of Town Portal |
| 24:50 | Circlet of Nobility |
| 24:58 | Scroll of Town Portal |
| Right click | 1710 |
| Select group | 944 |
| Chat | 649 |
| Select | 532 |
| Build/train/purchase | 120 |
| Assign group | 78 |
| Use ability | 58 |
| Minimap ping | 52 |
| Resource trade | 14 |
| Item give/drop | 8 |
| Esc | 4 |
| Remove unit | 2 |
| Misc. action | 1 |



| Lesser Clarity Potion | 2 | 140 |
| Healing Salve | 1 | 100 |
| Scroll of Town Portal | 1 | 350 |
| Circlet of Nobility | 1 | 175 |
| Periapt of Vitality | 1 | 325 |
| total: | 6 | 1090g |
| Peon | 8 | 600 | / | 0 |
| Troll Witch Doctor | 6 | 870 | / | 150 |
| Spirit Walker | 2 | 390 | / | 70 |
| Tauren | 4 | 1120 | / | 320 |
| total: | 20 | 2980g | / | 540w |
| Watch Tower | 5 | 550 | / | 400 |
| Altar of Storms | 1 | 180 | / | 50 |
| Orc Burrow | 7 | 1120 | / | 280 |
| Voodoo Lounge | 1 | 130 | / | 30 |
| War Mill | 1 | 205 | / | 0 |
| Great Hall | 1 | 385 | / | 185 |
| Spirit Lodge | 1 | 150 | / | 150 |
| Tauren Totem | 3 | 405 | / | 465 |
| Stronghold | 1 | 315 | / | 190 |
| Fortress | 1 | 325 | / | 190 |
| total: | 20 | 3125g | / | 1560w |
| 0:09 | Peon |
| 0:09 | Peon |
| 0:14 | Altar of Storms |
| 0:20 | Orc Burrow |
| 0:32 | Peon |
| 0:44 | Peon |
| 0:59 | Voodoo Lounge |
| 1:04 | Peon |
| 1:15 | War Mill |
| 1:21 | Peon |
| 1:30 | Orc Burrow |
| 2:02 | Peon |
| 2:02 | Peon |
| 2:16 | Lesser Clarity Potion |
| 2:16 | Healing Salve |
| 2:17 | Lesser Clarity Potion |
| 2:22 | Wind Walk |
| 2:29 | Orc Burrow |
| 2:41 | Circlet of Nobility |
| 3:53 | Stronghold |
| 3:57 | Watch Tower |
| 4:06 | Watch Tower |
| 5:03 | Steel Armor |
| 5:07 | Orc Burrow |
| 6:27 | Critical Strike |
| 6:31 | Fortress |
| 6:36 | Spirit Lodge |
| 6:41 | Tauren Totem |
| 6:52 | Tauren Totem |
| 7:22 | Tauren Totem |
| 8:06 | Troll Witch Doctor |
| 8:07 | Witch Doctor Adept Training |
| 8:10 | Troll Witch Doctor |
| 8:52 | Spirit Walker Adept Training |
| 8:53 | Spirit Walker |
| 8:53 | Tauren |
| 9:03 | Hex |
| 9:14 | Tauren |
| 9:14 | Pulverize |
| 9:37 | Witch Doctor Master Training |
| 9:55 | Critical Strike |
| 11:43 | Spirit Walker Master Training |
| 11:43 | Spirit Walker |
| 11:47 | Troll Witch Doctor |
| 11:47 | Troll Witch Doctor |
| 12:24 | Healing Wave |
| 12:30 | Steel Melee Weapons |
| 15:08 | Wind Walk |
| 15:18 | Troll Witch Doctor |
| 15:19 | Troll Witch Doctor |
| 16:25 | Critical Strike |
| 16:52 | Thorium Melee Weapons |
| 16:59 | Great Hall |
| 17:14 | Hex |
| 17:16 | Scroll of Town Portal |
| 17:28 | Periapt of Vitality |
| 17:41 | Orc Burrow |
| 17:41 | Orc Burrow |
| 17:42 | Orc Burrow |
| 17:44 | Reinforced Defenses |
| 18:11 | Endurance Aura |
| 19:33 | Tauren |
| 19:34 | Tauren |
| 20:48 | Spiked Barricades |
| 20:51 | Watch Tower |
| 20:52 | Watch Tower |
| 21:49 | Watch Tower |
| 22:34 | Bladestorm |
| 23:58 | Healing Wave |
| 25:57 | Wind Walk |
| Right click | 545 |
| Select group | 427 |
| Select | 174 |
| Build/train/purchase | 90 |
| Use ability | 58 |
| Chat | 48 |
| Assign group | 18 |
| Resource trade | 7 |
| Remove unit | 4 |
| Item give/drop | 1 |



| Lesser Clarity Potion | 1 | 70 |
| Scroll of Town Portal | 5 | 1750 |
| Scroll of Healing | 2 | 500 |
| Boots of Speed | 3 | 750 |
| Staff of Teleportation | 3 | 450 |
| Potion of Lesser Invulnerability | 1 | 150 |
| Periapt of Vitality | 1 | 325 |
| Healing Salve | 2 | 200 |
| Orb of Lightning | 2 | 750 |
| Tiny Great Hall | 1 | 600 |
| Orb of Venom | 1 | 325 |
| total: | 22 | 5870g |
| Peasant | 24 | 1800 | / | 0 |
| Sorceress | 1 | 155 | / | 20 |
| Siege Engine | 8 | 1560 | / | 480 |
| Goblin Shredder | 2 | 750 | / | 200 |
| Goblin Zeppelin | 4 | 960 | / | 240 |
| Goblin Sapper | 2 | 430 | / | 200 |
| total: | 41 | 5655g | / | 1140w |
| Scout Tower | 135 | 4050 | / | 2700 |
| Arcane Tower | 3 | 210 | / | 150 |
| Guard Tower | 33 | 2310 | / | 1650 |
| Altar of Kings | 1 | 180 | / | 50 |
| Farm | 20 | 1600 | / | 400 |
| Lumber Mill | 2 | 240 | / | 0 |
| Town Hall | 4 | 1540 | / | 820 |
| Blacksmith | 1 | 140 | / | 60 |
| Arcane Sanctum | 1 | 150 | / | 140 |
| Workshop | 4 | 560 | / | 560 |
| Keep | 1 | 320 | / | 210 |
| Castle | 1 | 360 | / | 210 |
| total: | 168 | 8460g | / | 4730w |
| 0:02 | Peasant |
| 0:02 | Peasant |
| 0:05 | Altar of Kings |
| 0:08 | Farm |
| 0:10 | Peasant |
| 0:26 | Peasant |
| 0:36 | Peasant |
| 0:49 | Lumber Mill |
| 1:00 | Scout Tower |
| 1:05 | Scout Tower |
| 1:06 | Peasant |
| 1:26 | Farm |
| 1:27 | Farm |
| 1:30 | Arcane Tower |
| 1:31 | Peasant |
| 1:36 | Scout Tower |
| 1:39 | Peasant |
| 1:52 | Peasant |
| 1:56 | Guard Tower |
| 2:02 | Scout Tower |
| 2:06 | Blizzard |
| 2:18 | Peasant |
| 2:18 | Peasant |
| 2:31 | Peasant |
| 2:33 | Guard Tower |
| 2:46 | Scout Tower |
| 2:47 | Guard Tower |
| 2:54 | Scout Tower |
| 3:01 | Farm |
| 3:31 | Guard Tower |
| 3:37 | Brilliance Aura |
| 3:40 | Peasant |
| 3:40 | Peasant |
| 4:19 | Town Hall |
| 4:22 | Scout Tower |
| 4:27 | Peasant |
| 4:27 | Peasant |
| 4:29 | Arcane Tower |
| 4:51 | Keep |
| 5:00 | Arcane Tower |
| 5:21 | Goblin Shredder |
| 5:43 | Blizzard |
| 5:56 | Scout Tower |
| 5:56 | Scout Tower |
| 6:08 | Town Hall |
| 6:15 | Scout Tower |
| 6:31 | Scout Tower |
| 6:31 | Scout Tower |
| 6:34 | Scout Tower |
| 6:34 | Scout Tower |
| 6:35 | Scout Tower |
| 6:35 | Scout Tower |
| 6:36 | Scout Tower |
| 6:36 | Scout Tower |
| 6:38 | Scout Tower |
| 6:38 | Scout Tower |
| 6:47 | Guard Tower |
| 6:52 | Boots of Speed |
| 6:52 | Staff of Teleportation |
| 7:01 | Guard Tower |
| 7:03 | Peasant |
| 7:03 | Peasant |
| 7:26 | Guard Tower |
| 7:29 | Scout Tower |
| 7:31 | Scout Tower |
| 7:33 | Scout Tower |
| 7:34 | Scout Tower |
| 7:35 | Guard Tower |
| 7:43 | Scout Tower |
| 7:47 | Castle |
| 8:08 | Improved Masonry |
| 8:13 | Scout Tower |
| 8:14 | Scout Tower |
| 8:14 | Scout Tower |
| 8:15 | Scout Tower |
| 8:16 | Scout Tower |
| 8:16 | Scout Tower |
| 8:18 | Guard Tower |
| 8:31 | Goblin Zeppelin |
| 8:45 | Guard Tower |
| 9:02 | Goblin Shredder |
| 9:09 | Guard Tower |
| 9:32 | Lumber Mill |
| 9:36 | Guard Tower |
| 9:41 | Flame Strike |
| 10:26 | Scout Tower |
| 10:27 | Scout Tower |
| 10:27 | Scout Tower |
| 10:27 | Scout Tower |
| 10:28 | Scout Tower |
| 10:31 | Scout Tower |
| 10:31 | Scout Tower |
| 10:31 | Scout Tower |
| 10:32 | Scout Tower |
| 10:32 | Scout Tower |
| 10:34 | Staff of Teleportation |
| 10:35 | Boots of Speed |
| 10:35 | Potion of Lesser Invulnerability |
| 10:52 | Lesser Clarity Potion |
| 10:52 | Healing Salve |
| 10:55 | Orb of Lightning |
| 10:57 | Tiny Great Hall |
| 11:05 | Guard Tower |
| 11:08 | Scout Tower |
| 11:09 | Scout Tower |
| 11:09 | Scout Tower |
| 11:10 | Scout Tower |
| 11:10 | Scout Tower |
| 11:11 | Scout Tower |
| 11:12 | Scout Tower |
| 11:12 | Scout Tower |
| 11:13 | Scout Tower |
| 11:13 | Scout Tower |
| 11:17 | Guard Tower |
| 11:19 | Scout Tower |
| 11:19 | Scout Tower |
| 11:19 | Scout Tower |
| 11:20 | Scout Tower |
| 11:21 | Scout Tower |
| 11:22 | Scout Tower |
| 11:22 | Scout Tower |
| 11:22 | Scout Tower |
| 11:23 | Scout Tower |
| 11:23 | Scout Tower |
| 11:24 | Scout Tower |
| 11:24 | Scout Tower |
| 11:29 | Advanced Masonry |
| 11:29 | Imbued Masonry |
| 11:47 | Rain of Fire |
| 11:58 | Guard Tower |
| 12:30 | Guard Tower |
| 13:01 | Guard Tower |
| 13:14 | Guard Tower |
| 13:27 | Blacksmith |
| 13:45 | Scroll of Town Portal |
| 13:59 | Arcane Sanctum |
| 14:17 | Siphon Mana |
| 14:24 | Cleaving Attack |
| 15:25 | Guard Tower |
| 15:26 | Magic Sentry |
| 15:26 | Sorceress |
| 15:26 | Sorceress Adept Training |
| 15:32 | Scout Tower |
| 15:32 | Scout Tower |
| 15:33 | Scout Tower |
| 15:33 | Scout Tower |
| 15:33 | Scout Tower |
| 15:34 | Scout Tower |
| 15:36 | Iron Plating |
| 15:36 | Black Gunpowder |
| 15:51 | Peasant |
| 15:51 | Peasant |
| 15:53 | Workshop |
| 15:55 | Workshop |
| 15:59 | Workshop |
| 16:00 | Workshop |
| 16:18 | Brilliance Aura |
| 16:28 | Goblin Sapper |
| 16:28 | Goblin Sapper |
| 16:52 | Guard Tower |
| 17:09 | Siege Engine |
| 17:15 | Farm |
| 17:15 | Farm |
| 17:15 | Farm |
| 17:15 | Farm |
| 17:16 | Farm |
| 17:16 | Farm |
| 17:16 | Farm |
| 17:17 | Farm |
| 17:17 | Farm |
| 17:17 | Farm |
| 17:18 | Farm |
| 17:18 | Farm |
| 17:22 | Staff of Teleportation |
| 17:22 | Boots of Speed |
| 17:33 | Scroll of Town Portal |
| 17:44 | Farm |
| 17:45 | Farm |
| 17:45 | Farm |
| 17:45 | Farm |
| 18:17 | Siege Engine |
| 18:26 | Refined Gunpowder |
| 18:27 | Steel Plating |
| 19:11 | Siege Engine |
| 19:11 | Siege Engine |
| 19:29 | Healing Salve |
| 19:31 | Scroll of Town Portal |
| 19:32 | Orb of Lightning |
| 19:43 | Goblin Zeppelin |
| 19:54 | Imbued Gunpowder |
| 20:47 | Siege Engine |
| 20:54 | Scout Tower |
| 20:54 | Scout Tower |
| 20:55 | Scout Tower |
| 20:55 | Scout Tower |
| 20:55 | Scout Tower |
| 20:56 | Scout Tower |
| 20:56 | Scout Tower |
| 20:56 | Scout Tower |
| 20:56 | Scout Tower |
| 20:57 | Scout Tower |
| 20:57 | Scout Tower |
| 20:57 | Scout Tower |
| 20:58 | Scout Tower |
| 21:32 | Barrage |
| 21:33 | Mithril Plating |
| 22:13 | Guard Tower |
| 22:20 | Goblin Zeppelin |
| 22:44 | Rain of Fire |
| 22:59 | Guard Tower |
| 23:03 | Town Hall |
| 23:05 | Scout Tower |
| 23:05 | Scout Tower |
| 23:05 | Scout Tower |
| 23:05 | Scout Tower |
| 23:05 | Scout Tower |
| 23:06 | Scout Tower |
| 23:06 | Scout Tower |
| 23:06 | Scout Tower |
| 23:06 | Scout Tower |
| 23:06 | Scout Tower |
| 23:07 | Scout Tower |
| 23:26 | Guard Tower |
| 23:27 | Flame Strike |
| 23:39 | Scout Tower |
| 23:39 | Scout Tower |
| 23:39 | Scout Tower |
| 23:40 | Scout Tower |
| 23:40 | Scout Tower |
| 23:40 | Scout Tower |
| 23:41 | Scout Tower |
| 23:42 | Scout Tower |
| 23:42 | Scout Tower |
| 23:42 | Scout Tower |
| 23:43 | Guard Tower |
| 24:53 | Guard Tower |
| 24:56 | Scout Tower |
| 24:57 | Scout Tower |
| 24:57 | Scout Tower |
| 24:57 | Scout Tower |
| 24:58 | Scout Tower |
| 24:58 | Scout Tower |
| 24:58 | Scout Tower |
| 24:58 | Scout Tower |
| 25:01 | Peasant |
| 25:01 | Peasant |
| 25:01 | Peasant |
| 25:01 | Peasant |
| 25:28 | Scroll of Healing |
| 25:28 | Scroll of Healing |
| 25:31 | Periapt of Vitality |
| 26:34 | Scroll of Town Portal |
| 26:34 | Scroll of Town Portal |
| 26:37 | Orb of Venom |
| 27:21 | Siege Engine |
| 27:35 | Goblin Zeppelin |
| 28:17 | Guard Tower |
| 28:50 | Scout Tower |
| 28:51 | Scout Tower |
| 28:52 | Scout Tower |
| 28:52 | Scout Tower |
| 28:53 | Scout Tower |
| 28:53 | Scout Tower |
| 28:54 | Scout Tower |
| 28:55 | Scout Tower |
| 28:56 | Scout Tower |
| 28:57 | Scout Tower |
| 28:57 | Scout Tower |
| 28:58 | Scout Tower |
| 28:58 | Scout Tower |
| 28:59 | Scout Tower |
| 29:00 | Scout Tower |
| 29:00 | Scout Tower |
| 29:01 | Scout Tower |
| 29:01 | Scout Tower |
| 29:02 | Scout Tower |
| 29:02 | Scout Tower |
| 29:03 | Scout Tower |
| 29:04 | Scout Tower |
| 29:04 | Scout Tower |
| 29:04 | Scout Tower |
| 29:44 | Guard Tower |
| 29:53 | Siege Engine |
| 29:53 | Siege Engine |
| 30:34 | Town Hall |
| 30:36 | Guard Tower |
| 30:38 | Guard Tower |
| Right click | 1058 |
| Chat | 793 |
| Select group | 434 |
| Select | 419 |
| Build/train/purchase | 194 |
| Use ability | 155 |
| Misc. action | 63 |
| Assign group | 36 |
| Item give/drop | 9 |
| Minimap ping | 7 |
| Esc | 6 |


| Orb of Venom | 1 | 325 |
| Moonstone | 1 | 50 |
| Staff of Preservation | 1 | 150 |
| Scroll of Town Portal | 3 | 1050 |
| Scroll of Healing | 1 | 250 |
| Boots of Speed | 2 | 500 |
| Periapt of Vitality | 2 | 650 |
| Circlet of Nobility | 1 | 175 |
| total: | 12 | 3150g |
| Wisp | 22 | 1320 | / | 0 |
| Archer | 5 | 650 | / | 50 |
| Druid of the Claw | 10 | 2550 | / | 800 |
| Dryad | 7 | 1015 | / | 420 |
| Hippogryph | 3 | 480 | / | 60 |
| Goblin Shredder | 1 | 375 | / | 100 |
| total: | 48 | 6390g | / | 1430w |
| Ancient Protector | 2 | 270 | / | 160 |
| Altar of Elders | 2 | 360 | / | 100 |
| Moon Well | 8 | 1440 | / | 320 |
| Ancient of War | 1 | 150 | / | 60 |
| Ancient of Wonders | 1 | 90 | / | 30 |
| Hunter's Hall | 1 | 210 | / | 100 |
| Tree of Life | 2 | 680 | / | 370 |
| Ancient of Lore | 3 | 465 | / | 435 |
| Ancient of Wind | 3 | 450 | / | 420 |
| Tree of Ages | 1 | 320 | / | 180 |
| Tree of Eternity | 1 | 330 | / | 200 |
| total: | 23 | 4115g | / | 1995w |
| 0:07 | Wisp |
| 0:07 | Wisp |
| 0:10 | Altar of Elders |
| 0:11 | Moon Well |
| 0:12 | Altar of Elders |
| 0:23 | Wisp |
| 0:37 | Wisp |
| 0:56 | Ancient of War |
| 0:57 | Wisp |
| 1:11 | Wisp |
| 1:28 | Wisp |
| 1:41 | Moon Well |
| 1:45 | Wisp |
| 1:58 | Archer |
| 1:59 | Wisp |
| 2:03 | Ancient of Wonders |
| 2:12 | Mana Burn |
| 2:15 | Wisp |
| 2:30 | Hunter's Hall |
| 2:45 | Archer |
| 3:11 | Wisp |
| 3:13 | Moon Well |
| 3:15 | Archer |
| 3:36 | Evasion |
| 4:20 | Tree of Ages |
| 4:21 | Archer |
| 4:34 | Strength of the Wild |
| 5:30 | Archer |
| 5:33 | Reinforced Hides |
| 5:43 | Moon Well |
| 6:45 | Wisp |
| 6:59 | Mana Burn |
| 7:05 | Wisp |
| 7:05 | Wisp |
| 7:06 | Wisp |
| 7:09 | Tree of Life |
| 7:14 | Ancient of Lore |
| 7:14 | Ancient of Lore |
| 7:16 | Ancient of Lore |
| 8:32 | Tree of Eternity |
| 8:40 | Entangling Roots |
| 8:43 | Druid of the Claw |
| 8:45 | Dryad |
| 9:31 | Boots of Speed |
| 10:03 | Druid of the Claw Adept Training |
| 10:04 | Druid of the Claw |
| 10:05 | Dryad |
| 10:40 | Abolish Magic |
| 11:21 | Druid of the Claw Master Training |
| 11:22 | Druid of the Claw |
| 11:26 | Moon Well |
| 11:27 | Moon Well |
| 11:28 | Improved Reinforced Hides |
| 12:37 | Goblin Shredder |
| 12:44 | Druid of the Claw |
| 13:01 | Evasion |
| 13:26 | Orb of Venom |
| 13:26 | Scroll of Town Portal |
| 13:33 | Dryad |
| 13:53 | Thorns Aura |
| 14:08 | Mark of the Claw |
| 14:09 | Druid of the Claw |
| 14:10 | Druid of the Claw |
| 15:10 | Druid of the Claw |
| 15:12 | Well Spring |
| 15:12 | Improved Strength of the Wild |
| 15:18 | Dryad |
| 16:27 | Druid of the Claw |
| 16:48 | Dryad |
| 16:59 | Entangling Roots |
| 17:22 | Advanced Strength of the Wild |
| 17:50 | Moonstone |
| 18:31 | Scroll of Town Portal |
| 18:33 | Staff of Preservation |
| 19:10 | Periapt of Vitality |
| 19:31 | Advanced Reinforced Hides |
| 19:32 | Ultravision |
| 20:57 | Hardened Skin |
| 20:57 | Resistant Skin |
| 20:59 | Dryad |
| 21:02 | Mana Burn |
| 21:16 | Ancient of Wind |
| 21:17 | Ancient of Wind |
| 21:17 | Ancient of Wind |
| 22:04 | Thorns Aura |
| 23:11 | Wisp |
| 23:11 | Wisp |
| 23:16 | Druid of the Claw |
| 23:17 | Dryad |
| 24:26 | Moon Well |
| 24:27 | Moon Well |
| 24:30 | Nature's Blessing |
| 26:03 | Entangling Roots |
| 26:07 | Boots of Speed |
| 26:07 | Periapt of Vitality |
| 26:08 | Circlet of Nobility |
| 26:08 | Scroll of Healing |
| 26:12 | Metamorphosis |
| 27:06 | Hippogryph |
| 27:06 | Hippogryph |
| 27:06 | Hippogryph |
| 27:11 | Scroll of Town Portal |
| 27:24 | Wisp |
| 27:24 | Wisp |
| 27:24 | Wisp |
| 27:24 | Wisp |
| 27:25 | Wisp |
| 28:54 | Tree of Life |
| 29:09 | Evasion |
| 29:19 | Druid of the Claw |
| 30:24 | Ancient Protector |
| 30:24 | Ancient Protector |
| Right click | 1029 |
| Select | 635 |
| Select group | 214 |
| Misc. action | 141 |
| Build/train/purchase | 134 |
| Chat | 110 |
| Use ability | 58 |
| Assign group | 23 |
| Item give/drop | 6 |
| Esc | 4 |
| Remove unit | 2 |
| Minimap ping | 2 |
⇛